 Dungeon Crawl Stone Soup version 0.30-a0-629-gd54f4be4f7 (webtiles) character file.

Game seed: 3414883098097495449

1016 Dittersdorf the Shield-Bearer (level 8, -7/51 HPs)
             Began as a Gargoyle Fighter on Jan 12, 2023.
             Mangled by a kobold brigand
             ... wielding a +5 rapier of distortion
              (21 damage)
             ... on level 5 of the Dungeon.
             The game lasted 00:07:19 (5304 turns).

Dittersdorf the Shield-Bearer (Gargoyle Fighter)    Turns: 5304, Time: 00:07:19

Health: -7/51      AC: 17    Str: 22    XL:     8   Next: 21%
Magic:  8/8        EV:  7    Int:  9    God:
Gold:   389        SH:  5    Dex:  9    Spells: 7/7 levels left

rFire   . . .      SeeInvis .    d - +2 flail
rCold   + . .      Faith    .    c - +0 buckler
rNeg    + + .      Spirit   .    e - +0 chain mail
rPois   ∞          Reflect  .    k - +0 helmet
rElec   +          Harm     .    (no cloak)
rCorr   .          Rampage  .    (no gloves)
Will    .....                    (no boots) Stlth
                                 (no amulet)
HPRegen 0.28/turn                i - ring of positive energy
MPRegen 0.11/turn                l - ring of protection from cold

@: no status effects
A: sickness immunity, AC +5, negative energy resistance 1, electricity
resistance, torment resistance 1, petrification resistance
a: no special abilities


You were on level 5 of the Dungeon.
You visited 1 branch of the dungeon, and saw 5 of its levels.

You collected 389 gold pieces.

Inventory:

Hand Weapons
 d - a +2 flail (weapon)
Missiles
 j - a poisoned dart (quivered)
Armour
 c - a +0 buckler (worn)
 e - a +0 chain mail (worn)
 k - a +0 helmet (worn)
Jewellery
 i - a ring of positive energy (left hand)
 l - a ring of protection from cold (right hand)
Scrolls
 b - a scroll of immolation {unknown}
 f - a scroll of vulnerability {unknown}
 m - 2 scrolls of blinking {unknown}
 o - a scroll of enchant armour {unknown}
 q - a scroll of silence {unknown}
 v - a scroll of teleportation {unknown}
Potions
 g - a potion of flight
 h - 2 potions of mutation
 n - 2 potions of curing {unknown}
 p - a potion of heal wounds {unknown}
 r - a potion of brilliance {unknown}
 s - a potion of degeneration {unknown}
 t - 2 potions of resistance {unknown}
 u - a potion of attraction {unknown}


   Skills:
 + Level 6.0 Fighting
 + Level 5.0 Maces & Flails
 + Level 6.0 Armour
 + Level 6.0 Shields


You had 7 spell levels left.
You didn't know any spells.
Your spell library contained the following spells:

 Spells                   Type           Power      Damage    Failure   Level
 Beastly Appendage        Tmut           0%         N/A       98%         1
 Scorch                   Fire           0%         2d5       99%         2
 Wereblood                Tmut           0%         N/A       99%         2
 Call Canine Familiar     Summ           0%         N/A       100%        3
 Portal Projectile        Hex/Tloc       0%         N/A       100%        3
 Spider Form              Tmut/Pois      0%         N/A       100%        3
 Vhi's Electric Charge    Tloc/Air       0%         N/A       100%        3
 Flame Wave               Conj/Fire      0%         2d4       100%        4
 Leda's Liquefaction      Hex/Erth       0%         N/A       100%        4
 Arcjolt                  Conj/Air       0%         1d10      100%        5
 Summon Cactus Giant      Summ           0%         N/A       100%        6
 Maxwell's Capacitive Co  Air            0%         ∞         100%        8


Dungeon Overview and Level Annotations

Branches:
Dungeon (5/15)
 Temple: D:4-7

Altars:
Ashenzari
Elyvilon
Ru
Trog
Yredelemnul
Lugonu

Shops:
D:4 :[

Portals:
Abyss: D:5


Innate Abilities, Weirdness & Mutations

You are immune to sickness and miasma.
Your stone body is resilient. (AC +5)
You are immune to poison.
You resist negative energy. (rN+)
You are resistant to electric shocks. (rElec)
You are resistant to unholy torment.
You are immune to petrification.


Message History

The poisoned dart hits the kobold brigand.
The kobold brigand is poisoned.
You block the kobold brigand's attack.
Throw: 3 darts (poison)
Press: ? - help, Q - select action Shift-Dir - straight line, f/p - kobold brigand
Aim: a kobold brigand, wielding a +5 rapier of distortion and quivering poisoned darts (lightly wounded, poisoned, 50% to hit)
You throw a poisoned dart.
The poisoned dart barely misses the kobold brigand.
The poisoned dart hits the kobold.
The kobold is poisoned.
The kobold brigand hits you with a +5 rapier of distortion.
Space warps around you.
The kobold brigand attacks as you move away!
The kobold brigand hits you but does no damage.
Space warps horribly around you!
The kobold brigand attacks as you move away!
The kobold brigand hits you but does no damage.
The kobold attacks as you move away! The kobold hits you but does no damage.
The kobold attacks as you move away! The kobold barely misses you.
You feel a bit more experienced.
Throw: 2 darts (poison)
Press: ? - help, Q - select action Shift-Dir - straight line, f/p - kobold brigand
Aim: a kobold brigand, wielding a +5 rapier of distortion and quivering poisoned darts (lightly wounded, poisoned, 50% to hit)
You throw a poisoned dart.
The poisoned dart closely misses the kobold.
The poisoned dart completely misses the kobold brigand.
The kobold looks more healthy.
The kobold hits you but does no damage. Space warps horribly around you!
* * * LOW HITPOINT WARNING * * *
You hit the kobold.
You kill the kobold!
The kobold brigand throws a poisoned dart.
The poisoned dart hits you!
The kobold brigand looks more healthy.
You block the kobold brigand's attack.
Things that are here:
a +2 rapier of distortion; a kobold corpse You closely miss the kobold brigand.
The kobold brigand is moderately wounded.
The kobold brigand hits you but does no damage.
Space warps horribly around you!!
You die...

#.#..§§§...#######.#######.
#.# .§§§...##......# #.
#######.# §§§...
##############. ........#
K... #.........##.
######### #(K#
#.#######.##. #('# #.#
#.### #..# #.# #.#
#.K######.# #.# ##KK@.....#
#.# ########## #.### #....
#####


You could see a kobold brigand and 2 kobolds.

Vanquished Creatures
  An ice beast (D:5)
  2 ogres (D:5)
  Blork the orc (D:4)
  A scorpion (D:5)
  5 wights (D:5)
  An orc priest (D:4)
  2 iguanas (D:5)
  11 gnolls
  7 adders
  2 ufetubi
  4 worms
  A dart slug (D:1)
  9 orcs
  9 ball pythons
  9 endoplasms
  2 giant cockroaches
  4 goblins
  3 hobgoblins
  7 jackals
  7 kobolds
  3 quokkas
  3 bats
  5 frilled lizards
  7 rats
106 creatures vanquished.

Notes
Turn   | Place    | Note
-------+----------+-------------------------------------------
     0 | D:1      | Dittersdorf the Gargoyle Fighter began the quest for the
                  | Orb.
     0 | D:1      | Reached XP level 1. HP: 14/14 MP: 1/1
   158 | D:1      | Reached XP level 2. HP: 19/19 MP: 2/2
   357 | D:1      | Found a faded altar of an unknown god.
   802 | D:2      | Reached XP level 3. HP: 23/24 MP: 3/3
   967 | D:2      | HP: 1/24 [gnoll/+0 halberd (10)]
  1069 | D:2      | Reached XP level 4. HP: 23/29 MP: 4/4
  1135 | D:2      | Found a basalt altar of Yredelemnul.
  1475 | D:2      | Reached XP level 5. HP: 33/33 MP: 5/5
  1892 | D:3      | Found a sacrificial altar of Ru.
  2201 | D:3      | Found a white marble altar of Elyvilon.
  2541 | D:4      | Found Yriureof's Book Shop.
  2599 | D:4      | Found Hinnysix's Antique Armour Boutique.
  2855 | D:4      | Noticed Blork the orc
  2876 | D:4      | Killed Blork the orc
  2877 | D:4      | Reached XP level 6. HP: 9/39 MP: 6/6
  3038 | D:4      | Found a bloodstained altar of Trog.
  3489 | D:5      | Entered Level 5 of the Dungeon
  3592 | D:5      | Found a broken altar of Ashenzari.
  3817 | D:5      | Reached skill level 5 in Fighting
  3817 | D:5      | Reached skill level 5 in Armour
  3817 | D:5      | Reached skill level 5 in Shields
  3817 | D:5      | Reached XP level 7. HP: 8/44 MP: 7/7
  3968 | D:5      | Found a one-way gate to the infinite horrors of the Abyss.
  4668 | D:5      | Reached XP level 8. HP: 32/51 MP: 8/8
  4837 | D:5      | Found a large runed translucent door.
  4837 | D:5      | Found a large runed translucent door.
  4837 | D:5      | Found a corrupted altar of Lugonu.
  4917 | D:5      | Reached skill level 5 in Maces & Flails
  5304 | D:5      | Mangled by a kobold brigand

Illustrated notes

Levels and vault maps discovered:
D:1:      tarquinn_simple_flora_water_e, layout_loops_ring,
          chequers_ecumenical_altar_twisty
D:2:      layout_basic, basic_altar
D:3:      layout_loops_ring, amcnicky_altar_gilded, nicolae_ru_awakened_eye
D:4:      layout_loops_ring, lemuel_doored_altar, serial_shops,
          nicolae_shop_temple_entry_statues_fountains,
          nicolae_shop_advertising_works [nicolae_subvault_shop_adworks],
          serial_glass, glass_columns_b, glass_columns_c, kennysheep_potato,
          uniq_blork_the_orc
D:5:      due_chaos_kobolds, layout_loops_ring, nicolae_ashenzari_skybound,
          hangedman_decor_opposing, kennysheep_generic_room_13

Skill      XL: |  1  2  3  4  5  6  7  8 |
---------------+-------------------------+-----
Fighting       | 4 5 6 |  6.0
Armour         | 4 5 6 |  6.0
Shields        | 4 5 6 |  6.0
Maces & Flails | 3 4 5 |  5.0

Action                   |  1- 3 |  4- 6 |  7- 9 || total
-------------------------+-------+-------+-------++-------
Melee: Flail             |    76 |   228 |    78 ||   382
Throw: Dart              |       |    11 |     8 ||    19
  Use: Scroll            |       |     3 |       ||     3
       Potion            |       |       |     1 ||     1
Armor: Chain mail        |    65 |   158 |    40 ||   263
Dodge: Dodged            |    36 |    96 |    15 ||   147
Block: Buckler           |    16 |    60 |    14 ||    90

Table legend: (Time is in decaauts)
 A = Elapsed time spent in this place.
 B = Non-inter-level travel time spent in this place.
 C = Inter-level travel time spent in this place.
 D = Time resting spent in this place.
 E = Time spent auto-exploring this place.
 F = Levels seen in this place.
 G = Mean time per level.
                   A        B        C        D        E       F      G
               +--------+--------+--------+--------+--------+-----+--------+
         Total |   5416 |   5205 |    211 |    763 |   3346 |   5 | 1083.2 |
       Dungeon |   5416 |   5205 |    211 |    763 |   3346 |   5 | 1083.2 |
               +--------+--------+--------+--------+--------+-----+--------+

Top non-repeatable levels by time:
     D:5: 1703 daAuts
     D:4: 1047 daAuts
     D:1: 942 daAuts
     D:2: 889 daAuts
     D:3: 833 daAuts
